 Dungeon Crawl Stone Soup version 0.19-a0-718-gdd04e31 (webtiles) character file.

94 TheGoonsmith the Digger (level 4, -8/24 HPs)
             Began as a Gargoyle Earth Elementalist on June 20, 2016.
             Mangled by an ogre
             ... wielding a +0 giant spiked club
              (17 damage)
             ... on level 4 of the Dungeon.
             The game lasted 00:03:36 (2981 turns).

TheGoonsmith the Digger (GrEE)                      Turns: 2981, Time: 00:03:36

Health: -8/24      AC:  8    Str: 11    XL:     4   Next: 63%
Magic:  5/7        EV: 12    Int: 17    God:
Gold:   161        SH:  0    Dex: 10    Spells: 2 memorised, 4 levels left

rFire  . . .     SeeInvis .     a - +0 dagger (venom)
rCold  . . .     Gourm    .     c - +0 robe
rNeg   + . .     Faith    .     (no shield)
rPois  ∞         Spirit   .     (no helmet)
rElec  +         Dismiss  .     q - +2 cloak {rPois}
rCorr  .         Reflect  .     (no gloves)
SustAt .         Harm     .     (no boots)
MR     .....                    (no amulet)
Stlth  ++........               (no ring)
                                (no ring)

@: not resistant to hostile enchantments, unstealthy
A: negative energy resistance 1, electricity resistance, unbreathing,
petrification resistance, rot immunity, AC +3
a: no special abilities


You were on level 4 of the Dungeon.
You were not hungry.

You visited 1 branch of the dungeon, and saw 4 of its levels.

You collected 161 gold pieces.

Inventory:

Hand Weapons
 a - a +0 dagger of venom (weapon)
 g - a +0 club
Missiles
 b - 158 stones (quivered)
Armour
 c - a +0 robe (worn)
 q - a +2 cloak of poison resistance (worn)
Jewellery
 p - a cursed -5 ring of intelligence {unknown}
Scrolls
 f - 4 scrolls of remove curse {unknown}
 h - 3 scrolls of teleportation {unknown}
 i - 6 scrolls of identify {unknown}
 j - 3 scrolls of fog {unknown}
 n - a scroll of noise {unknown}
 o - a scroll of random uselessness {unknown}
 s - a scroll of enchant weapon {unknown}
Potions
 k - a potion of curing {unknown}
 m - 2 potions of flight {unknown}
Books
 e - a book of Geomancy

   Spells                             Type                      Level
   a - Sandblast                      Earth                        1
   b - Passwall                       Transmutation/Earth          2
   c - Stone Arrow                    Conjuration/Earth            3
   d - Petrify                        Transmutation/Earth          4
   e - Lee's Rapid Deconstruction     Earth                        5
Comestibles
 d - 2 slices of pizza
 l - 2 bread rations


   Skills:
 - Level 1.5 Dodging
 - Level 2.1 Stealth
 + Level 2.5 Spellcasting
 * Level 1.5 Conjurations
   Level 0.7 Transmutations
 * Level 5.5 Earth Magic


You had 4 spell levels left.
You knew the following spells:

 Your Spells              Type           Power        Failure   Level  Hunger
a - Sandblast             Erth           ###...       1%          1    #......
x - Stone Arrow           Conj/Erth      ##....       14%         3    ###....


Dungeon Overview and Level Annotations

Branches:
Dungeon (4/15)
 Temple: D:4-7

Altars:
Makhleb


Innate Abilities, Weirdness & Mutations

You are resistant to torment.
Your stone body is resilient. (AC +3)
You are immune to poison.
You resist negative energy. (rN+)
You are resistant to electric shocks. (rElec)
You can survive without breathing.
You are immune to petrification.
You are immune to rotting.


Message History

Found 19 sling bullets.
Casting: Sandblast
Confirm with . or Enter, or press ? or * to list all spells.
Aiming: Sandblast
Press: ? - help, Shift-Dir - straight line, f - ogre
Aim: an ogre, wielding a giant spiked club The blast of sand hits the ogre.
The ogre is lightly wounded.
The ogre hits you with a giant spiked club!
Ouch! That really hurt!
Casting: Sandblast
Confirm with . or Enter, or press ? or * to list all spells.
Aiming: Sandblast
Press: ? - help, Shift-Dir - straight line, f/p - ogre
Aim: an ogre, wielding a giant spiked club (lightly wounded)
The blast of sand hits the ogre.
The ogre is heavily wounded.
The ogre hits you with a giant spiked club!
Ouch! That really hurt!
You die...

.# . ( .# #
# #####.#.#
#.#<.)....#
#......##.#
#...@.##
#....##O#
##### .# .#
.. ##


You could see an ogre.

Vanquished Creatures
  Terence (D:3)
  2 dart slugs
  A giant gecko (D:2)
  An orc (D:4)
  8 bats
  3 giant cockroaches (D:2)
  6 goblins
  10 hobgoblins
  14 kobolds
  3 quokkas
  A ball python (D:2)
  4 giant newts
  4 rats
58 creatures vanquished.

Notes
Turn   | Place    | Note
--------------------------------------------------------------
     0 | D:1      | TheGoonsmith the Gargoyle Earth Elementalist began the quest for the Orb.
     0 | D:1      | Reached XP level 1. HP: 10/10 MP: 3/3
   331 | D:1      | Reached skill level 4 in Earth Magic
   487 | D:1      | Reached XP level 2. HP: 15/15 MP: 0/5
  1325 | D:1      | Reached XP level 3. HP: 15/19 MP: 3/6
  1473 | D:2      | Reached skill level 5 in Earth Magic
  1867 | D:2      | Learned a level 3 spell: Stone Arrow
  1928 | D:2      | Found a burning altar of Makhleb.
  1928 | D:2      | Noticed a blizzard demon
  1939 | D:2      | Noticed a ynoxinul
  1939 | D:2      | Noticed a hellwing
  2277 | D:3      | Reached XP level 4. HP: 15/24 MP: 0/7
  2546 | D:3      | Reached skill level 1 in Conjurations
  2579 | D:3      | Noticed Terence
  2597 | D:3      | Killed Terence
  2977 | D:4      | Noticed an ogre
  2981 | D:4      | Mangled by an ogre

Vault maps used:
D:1:      dpeg_arrival_fog
D:2:      makhleb_altar_promises_db, first_bread
D:3:      minmay_misc_feat_roman, feat_on_display, uniq_terence
D:4:      lightli_sewer_entry_pipes

Skill      XL: |  1  2  3  4 |
---------------+-------------+-----
Earth Magic    | 4 5 |  5.5
Conjurations   | 1 |  1.5
Dodging        | |  1.5
Stealth        | |  2.1
Spellcasting   | |  2.5
Transmutations | |  0.7

Action                   |  1- 3 |  4- 6 || total
-------------------------+-------+-------++-------
Melee: Unarmed           |    10 |       ||    10
       Club              |    54 |       ||    54
       Dagger            |     1 |    12 ||    13
 Cast: Sandblast         |    94 |    27 ||   121
 Stab: Sleeping          |     1 |       ||     1
  Eat: Chunk             |     1 |     3 ||     4
       Bread ration      |     1 |       ||     1
Armor: Robe              |    41 |     6 ||    47
Dodge: Dodged            |    79 |    20 ||    99
